 Dungeon Crawl Stone Soup version 0.17-a0-1910-g4c791fa (webtiles) character file.

1123 Goblin1989 the Martial Artist (level 8, -1/39 HPs)
             Began as a Vine Stalker Monk on Sept 26, 2015.
             Was a Priest of Dithmenos.
             Slain by a hound (3 damage)
             ... on level 6 of the Dungeon.
             The game lasted 00:15:02 (3410 turns).

Goblin1989 the Martial Artist (Vine Stalker Monk)   Turns: 3410, Time: 00:15:03

Health: -1/39      AC: 10    Str: 15    XL:     8   Next: 35%
Magic:  0/9        EV: 12    Int: 10    God:    Dithmenos [***...]
Gold:   265        SH:  0    Dex: 18    Spells: 0 memorised, 7 levels left

rFire  + . .     SeeInvis .       - Unarmed
rCold  . . .     Clarity  .     a - +0 robe
rNeg   . . .     SustAt   .     (no shield)
rPois  .         Gourm    .     u - +1 helmet
rElec  .         Spirit   +     (no cloak)
rCorr  .         Warding  .     r - +0 pair of gloves
rMut   .         Stasis   .     (no boots)
MR     +....                    (no amulet)
Stlth  ++++......               p - +5 ring of protection
                                j - ring of protection from fire

@: marked, wreathed by umbra, drained, somewhat resistant to hostile
enchantments, stealthy
A: fangs 3, regeneration 2, magic shield, antimagic bite, no device heal 3, rot
immunity
a: Shadow Step, Renounce Religion


You were on level 6 of the Dungeon.
You worshipped Dithmenos.
Dithmenos was most pleased with you.
You were not hungry.

You visited 1 branch of the dungeon, and saw 6 of its levels.

You collected 265 gold pieces.

Inventory:

Missiles
 o - 12 poisoned needles
 t - a throwing net (quivered)
Armour
 a - a +0 robe (worn)
 r - a +0 pair of gloves (worn)
 u - a +1 helmet (worn)
Jewellery
 i - an uncursed ring of fire
 j - a ring of protection from fire (left hand)
 p - a +5 ring of protection (right hand)
Magical devices
 y - a wand of digging (18)
Scrolls
 c - 3 scrolls of remove curse
 f - 3 scrolls of teleportation
 g - 2 scrolls of identify
Potions
 z - 2 potions of brilliance
 B - a potion of cancellation
Comestibles
 b - 3 bread rations
 d - a royal jelly
 h - 4 chunks of flesh
 l - a beef jerky
 m - 15 fruits


   Skills:
 - Level 2.6(2.0) Fighting
 - Level 2.4(1.7) Dodging
 + Level 6.3(5.6) Stealth
 * Level 9.4(8.6) Unarmed Combat


You had 7 spell levels left.
You didn't know any spells.

Dungeon Overview and Level Annotations

Branches:
Dungeon (6/15)
 Temple: D:4-7

Altars:
Dithmenos
Trog
Zin


Innate Abilities, Weirdness & Mutations

You have razor-sharp teeth.
You heal very quickly.
When hurt, damage is shared between your health and your magic reserves.
Your bite disrupts and absorbs the magic of your enemies.
Potions and wands cannot restore your health.
You are immune to rotting.


Message History

You hit the wight. You bite the wight. You drain its power.
You feel invigorated.
The wight is heavily damaged.
The wight closely misses you.
You closely miss the wight.
The wight is heavily damaged.
The hound bites you but does no damage.
The wight hits you with an enchanted spear!
* * * LOW HITPOINT WARNING * * *
You feel drained.
* * * LOW HITPOINT WARNING * * *
You punch the wight! You bite the wight, but do no damage.
The wight is almost destroyed.
The hound closely misses you. The wight barely misses you.
You hit the wight but do no damage. You bite the wight, but do no damage.
The wight is almost destroyed.
The hound bites you.
* * * LOW HITPOINT WARNING * * *
The hound bites you.
You die...

# #.## ### # ##.### ##.#
.# ##..###.## .#
##..#..# ..# ###.....#
#.# ####.....T.###
###..#
#.....##.....###....###
....#####.....#.......##
..### #.......@z......
### #......h#....##. #
#.......#....# ##
#......##...## [##
##.......#....# ..##
#.............#
#..#####.............#
#....................#
.........>!..##...


You could see a troll, a hound and a wight.

Vanquished Creatures
  A giant frog (D:6)
  A scorpion (D:6)
  8 wights (D:6)
  5 crimson imps
  A hound (D:5)
  An orc priest (D:6)
  An iguana (D:6)
  A jelly (D:6)
  3 orc wizards
  2 worker ants
  A worker ant zombie (D:6)
  4 gnolls (D:3)
  14 adders
  A shadow imp (D:5)
  An ooze (D:5)
  A worm (D:5)
  2 giant geckos
  10 orcs
  5 giant cockroaches
  5 hobgoblins
  6 kobolds
  3 quokkas
  9 bats
  A giant gecko skeleton (D:6)
  4 giant newts
  9 goblins
  2 jackals (D:2)
  A jackal skeleton (D:6)
  8 rats
111 creatures vanquished.

Notes
Turn   | Place    | Note
--------------------------------------------------------------
     0 | D:1      | Goblin1989 the Vine Stalker Monk began the quest for the Orb.
     0 | D:1      | Reached XP level 1. HP: 11/11 MP: 2/2
     2 | D:1      | You fall through a shaft!
    41 | D:2      | Reached XP level 2. HP: 13/16 MP: 3/3
   141 | D:2      | Reached XP level 3. HP: 8/19 MP: 4/4
   235 | D:2      | Reached skill level 5 in Unarmed Combat
   383 | D:2      | Reached XP level 4. HP: 23/23 MP: 5/5
  1136 | D:1      | Reached XP level 5. HP: 27/27 MP: 6/6
  1598 | D:3      | Reached skill level 6 in Unarmed Combat
  1664 | D:3      | Found a shadowy altar of Dithmenos.
  1678 | D:3      | Became a worshipper of Dithmenos the Shadowed
  1678 | D:3      | Acquired Dithmenos's first power
  2036 | D:4      | Noticed an ogre
  2076 | D:5      | Entered Level 5 of the Dungeon
  2089 | D:5      | Gained mutation: You heal very quickly. [Vine Stalker growth]
  2089 | D:5      | Reached XP level 6. HP: 29/32 MP: 7/7
  2258 | D:5      | Reached skill level 7 in Unarmed Combat
  2443 | D:5      | Found a glowing silver altar of Zin.
  2615 | D:6      | Reached skill level 5 in Stealth
  2615 | D:6      | Reached XP level 7. HP: 21/35 MP: 5/8
  2796 | D:6      | Reached skill level 8 in Unarmed Combat
  3040 | D:6      | Found a glowing silver altar of Zin.
  3203 | D:6      | Gained mutation: You have razor-sharp teeth. [Vine Stalker growth]
  3203 | D:6      | Reached XP level 8. HP: 32/39 MP: 7/9
  3251 | D:6      | Reached skill level 9 in Unarmed Combat
  3286 | D:6      | Found a bloodstained altar of Trog.
  3396 | D:6      | Acquired Dithmenos's second power
  3410 | D:6      | Slain by a hound

Vault maps used:
D:1:      dpeg_arrival_tiny_f
D:2:      dk_vineyard_2
D:3:      grunt_dithmenos_smoke, first_bread
D:4:      columned_hall_lemuel
D:5:      basic_altar
D:6:      zin_scriptorium, serial_shops, kennysheep_little_box, trog_book

Action                   |  1- 3 |  4- 6 |  7- 9 || total
-------------------------+-------+-------+-------++-------
Melee: Unarmed           |    72 |   189 |   127 ||   388
Evoke: Wand              |       |       |     2 ||     2
  Use: Scroll            |       |       |    13 ||    13
       Potion            |       |       |     1 ||     1
 Stab: Sleeping          |     4 |     5 |     5 ||    14
  Eat: Chunk             |       |     5 |       ||     5
       Meat ration       |       |       |     1 ||     1
